 Dungeon Crawl Stone Soup version 0.14-a0-2939-ge0b1554 (webtiles) character file.

151 Kae the Insei (level 4, -1/35 HPs)
             Began as a Draconian Transmuter on Mar 3, 2014.
             Killed from afar by Ijyb (3 damage)
             ... with a wand of frost
             ... on Level 2 of the Dungeon.
             The game lasted 00:02:24 (2023 turns).

Kae the Insei (Draconian Transmuter)                Turns: 2023, Time: 00:02:25

HP  -1/35        AC  7     Str 12      XL: 4   Next: 51%
MP   6/7         EV 12     Int 13      God:
Gold 48          SH  0     Dex 13      Spells:  1 memorised,  6 levels left

rFire  . . .     SeeInvis .       - Unarmed
rCold  . . .     Clarity  .     (armour unavailable)
rNeg   + . .     Conserve .     (no shield)
rPois  .         rCorr    .     (helmet restricted)
rElec  .         rRot     .     e - +1 elf cloak
SustAb . .       Spirit   .     (no gloves)
rMut   .         Warding  .     (no boots)
Saprov . . .     Stasis   .     (no amulet)
MR     .....                    o - ring of positive energy {unknown}
                                l - ring of flight

@: appendage (expiring), not resistant to hostile enchantments, fairly stealthy
A: unfitting armour, horns 2, AC +5
a: End Transformation, Evoke Flight


You were on level 2 of the Dungeon.
You were not hungry.
You had grown temporary horns.
You visited 1 branch of the dungeon, and saw 2 of its levels.

You collected 48 gold pieces.

Inventory:

Missiles
 b - 12 arrows
Armour
 e - a +1 elven cloak (worn)
Comestibles
 a - 2 bread rations
Scrolls
 j - a scroll of teleportation
 q - a scroll of recharging {unknown}
 s - a scroll of identify {unknown}
Jewellery
 h - an uncursed amulet of inaccuracy {unknown}
 l - a ring of flight (left hand)
 o - a ring of positive energy (right hand) {unknown}
Potions
 f - a potion of confusion {unknown}
 g - a potion of paralysis {unknown}
 i - 3 potions of brilliance {unknown}
 k - a potion of beneficial mutation {unknown}
 m - a potion of restore abilities {unknown}
 n - a potion of agility {unknown}
 p - a potion of heal wounds {unknown}
Books
 d - a book of Changes

   Spells                             Type                      Level
   *Beastly Appendage                 Transmutation                1
   Sticks to Snakes                   Transmutation                2
   Spider Form                        Transmutation/Poison         3
   Ice Form                           Ice/Transmutation            4
   Blade Hands                        Transmutation                5


   Skills:
 - Level 1.1 Fighting
 - Level 1.7 Dodging
 + Level 1.1 Stealth
 * Level 5.0 Unarmed Combat
 - Level 2.0 Spellcasting
 + Level 2.3 Transmutations


You had 6 spell levels left.
You knew the following spells:

 Your Spells              Type           Power        Failure   Level  Hunger
a - Beastly Appendage     Trmt           #.....       12%         1    ##.....


Dungeon Overview and Level Annotations

Branches:
Dungeon (2/16)

Altars:

Annotations:
D:2 Ijyb, Sigmund


Innate Abilities, Weirdness & Mutations

Your plain brown scales are hard (AC +5).
Your body does not fit into most forms of armour.
Your cold-blooded metabolism reacts poorly to cold.
You have a pair of horns on your head.


Message History

You are too injured to fight recklessly!
Drink which item? (? for menu, Esc to quit)
You feel better.
Casting: Beastly Appendage
Confirm with . or Enter, or press ? or * to list all spells.
You grow a pair of large bovine horns.
Ijyb zaps a wand.
The puff of frost hits you!
* * * LOW HITPOINT WARNING * * *
Ijyb screams, "No!
No, no, no, no!"
Ijyb hits you but does no damage.
Unknown command.
You hit Ijyb. Your headbutt misses Ijyb. You tail-slap Ijyb, but do no damage.
Ijyb is moderately wounded.
Ijyb zaps a wand.
The puff of frost hits you!
* * * LOW HITPOINT WARNING * * *
You hit Ijyb.
Ijyb is heavily wounded.
Your transformation is almost over.
Ijyb zaps a wand.
The puff of frost hits you!
You die...

#......⌠......#####
#.♣♣P.....P♣♣......
#.♣♣PP...PP♣♣######
..♣♣PP.PP♣♣##.....
#@ ♣♣♣.♣♣♣ #.....
#.##♣♣.♣♣####.....
#...........'.....
#########.####.....
#.@...# #.# ######
#g###.# #.# #.###.#
#.# #.#...###.#
#.♣.♣.....#
#.♣.♣###### #.♣.♣#
## #.♣.♣ ... ##♣.♣
..


You could see Ijyb.

Vanquished Creatures
  3 adders
  4 gnolls (D:2)
  An ooze (D:1)
  2 bats (D:2)
  2 giant cockroaches
  6 goblins
  4 hobgoblins
  4 jackals (D:1)
  3 kobolds
  3 quokkas (D:2)
  2 giant geckos (D:2)
  3 giant newts
  3 rats (D:2)
40 creatures vanquished.

Notes
Turn   | Place    | Note
--------------------------------------------------------------
     0 | D:1      | Kae, the Draconian Transmuter, began the quest for the Orb.
     0 | D:1      | Reached XP level 1. HP: 16/16 MP: 3/3
    89 | D:1      | Reached XP level 2. HP: 21/23 MP: 4/4
   264 | D:1      | Reached skill level 4 in Unarmed Combat
   537 | D:2      | Reached XP level 3. HP: 15/28 MP: 6/6
  1519 | D:2      | Reached XP level 4. HP: 30/35 MP: 4/7
  1520 | D:2      | Reached skill level 1 in Stealth
  1975 | D:2      | Reached skill level 5 in Unarmed Combat
  1979 | D:2      | Noticed Sigmund
  2011 | D:2      | Noticed Ijyb
  2023 | D:2      | Killed from afar by Ijyb

Action                   |  1- 3 |  4- 6 || total
-------------------------+-------+-------++-------
Melee: Unarmed           |   146 |    35 ||   181
 Cast: Beastly Appendage |     4 |     1 ||     5
  Use: Scroll            |     4 |       ||     4
       Potion            |       |     2 ||     2
 Stab: Sleeping          |     3 |       ||     3
